PCL
LAS VEGAS STARS @ SANTA MONICA BRUINS
07/05/2030
 
TOP OF THE 1ST
Las Vegas Stars batting - Pitching for Santa Monica Bruins : LHP Rafael Alemán
Pitching: LHP Rafael Alemán
Batting: RHB José García 0-0: Ball
1-0: Foul Ball, location: 2F
1-1: Swinging Strike
1-2: Foul Ball, location: 2F
1-2: Ball
2-2: Strikes out looking
Batting: RHB Tomás Díaz 0-0: Called Strike
0-1: Ball
1-1: Foul Ball, location: 2F
1-2: Ball
2-2: Ball
3-2: Reached on error, E7 (Flyball, 78D)
Batting: RHB Alonso Holguín 0-0: Called Strike
0-1: Called Strike
0-2: Foul Ball, location: 2F
0-2: Ball
1-2: Strikes out swinging
Batting: LHB Patrick Osborne 0-0: Called Strike
0-1: Ball
1-1: Foul Ball, location: 2F
1-2: Ball
Tomás Díaz steals 2nd base
2-2: Strikes out swinging, 2-3 out at first.
Top of the 1st over - 0 runs, 0 hits, 1 error, 1 left on base; Las Vegas 0 - Santa Monica 0
BOTTOM OF THE 1ST
Santa Monica Bruins batting - Pitching for Las Vegas Stars : RHP Manuel González
Pitching: RHP Manuel González
Batting: LHB Michael Myers 0-0: Called Strike
0-1: Foul Ball, location: 2F
0-2: Foul Ball, location: 2F
0-2: Foul Ball, location: 2F
0-2: Foul Ball, location: 2F
0-2: Ball
1-2: SINGLE (Flyball, 9LS)
Pitching: LHP Júlio Aguilar
Batting: RHB Javier González 0-0: Ball
1-0: Foul Ball, location: 2F
1-1: Foul Ball, location: 2F
1-2: Foul Ball, location: 2F
1-2: Fly out, F9 (Flyball, 89D)
Batting: LHB Jorge Souza 0-0: Ball
1-0: Ball
2-0: Ball
3-0: Base on Balls
Michael Myers to second
Batting: RHB Luis Martínez 0-0: Ball
1-0: Swinging Strike
1-1: Foul Ball, location: 2F
1-2: Foul Ball, location: 2F
1-2: Foul Ball, location: 2F
1-2: Ball
2-2: Grounds into double play, 5-4-3 (Groundball, 56)
Bottom of the 1st over - 0 runs, 1 hit, 0 errors, 1 left on base; Las Vegas 0 - Santa Monica 0
TOP OF THE 2ND
Las Vegas Stars batting - Pitching for Santa Monica Bruins : LHP Rafael Alemán
Batting: RHB Juan Valverde 0-0: Ball
1-0: Ball
2-0: Foul Ball, location: 2F
2-1: Ground out 6-3 (Groundball, 6)
Batting: RHB Sam Wallace 0-0: Foul Ball, location: 2F
0-1: Ball
1-1: Foul Ball, location: 2F
1-2: Strikes out swinging
Batting: RHB Guo-xiu Choi 0-0: Ball
1-0: Ball
2-0: Ball
3-0: Called Strike
3-1: Ground out U3 (Groundball, 34S)
Top of the 2nd over - 0 runs, 0 hits, 0 errors, 0 left on base; Las Vegas 0 - Santa Monica 0
BOTTOM OF THE 2ND
Santa Monica Bruins batting - Pitching for Las Vegas Stars : LHP Júlio Aguilar
Batting: LHB Ethan Shaw 0-0: SINGLE (Groundball, 56) (infield hit)
Batting: RHB Armando Colón 0-0: Ball
1-0: Ball
2-0: Fly out, F7 (Flyball, 7LM)
Batting: RHB Tony Quinn 0-0: Called Strike
0-1: Grounds into double play, 5-4-3 (Groundball, 56)
Bottom of the 2nd over - 0 runs, 1 hit, 0 errors, 0 left on base; Las Vegas 0 - Santa Monica 0
TOP OF THE 3RD
Las Vegas Stars batting - Pitching for Santa Monica Bruins : LHP Rafael Alemán
Batting: LHB Morgan Wright 0-0: Ball
1-0: Foul Ball, location: 2F
1-1: Ball
2-1: Ball
3-1: Fly out, F6 (Line Drive, 6)
Batting: LHB Clint Parkinson 0-0: Foul Ball, location: 2F
0-1: DOUBLE (Line Drive, 78D)
Batting: RHB José García 0-0: Ball
1-0: Fly out, F8 (Flyball, 8RXD)
Runner from 2nd tags up, SAFE at 3rd, no throw
Batting: RHB Tomás Díaz 0-0: Ball
1-0: Called Strike
1-1: Swinging Strike
1-2: Ball
2-2: SINGLE (Flyball, 89M)
Clint Parkinson scores
Batting: RHB Alonso Holguín 0-0: Ball
Tomás Díaz is caught stealing 2nd base
Top of the 3rd over - 1 run, 2 hits, 0 errors, 0 left on base; Las Vegas 1 - Santa Monica 0
BOTTOM OF THE 3RD
Santa Monica Bruins batting - Pitching for Las Vegas Stars : LHP Júlio Aguilar
Batting: RHB Dave King 0-0: Called Strike
0-1: SINGLE (Groundball, 34D)
Batting: RHB Matt O'Rourke 0-0: Ball
1-0: Called Strike
1-1: Ground out 6-3 (Groundball, 6MS)
Dave King to second
Batting: LHB Michael Myers 0-0: Called Strike
0-1: Ball
1-1: Foul Ball, location: 2F
1-2: Ground out 1-3 (Groundball, 13)
Dave King to third
Batting: RHB Javier González 0-0: Foul Ball, location: 2F
0-1: Ball
1-1: Ball
2-1: Ball
3-1: Foul Ball, location: 2F
3-2: Strikes out swinging
Bottom of the 3rd over - 0 runs, 1 hit, 0 errors, 1 left on base; Las Vegas 1 - Santa Monica 0
TOP OF THE 4TH
Las Vegas Stars batting - Pitching for Santa Monica Bruins : LHP Rafael Alemán
Batting: RHB Alonso Holguín 0-0: Ball
1-0: Ball
2-0: DOUBLE (Line Drive, 8RD)
Batting: LHB Patrick Osborne 0-0: Ball
1-0: Swinging Strike
1-1: Fly out, F6 (Line Drive, 6)
Lined into DP, 6-4 (Line Drive, 6)
Batting: RHB Juan Valverde 0-0: Called Strike
0-1: Ball
1-1: Called Strike
1-2: Ball
2-2: Ball
3-2: SINGLE (Groundball, 56D)
Batting: RHB Sam Wallace 0-0: Ball
1-0: Ball
2-0: Foul Ball, location: 2F
2-1: Ball
3-1: Foul Ball, location: 2F
3-2: Ground out 4-3 (Groundball, 4MS)
Top of the 4th over - 0 runs, 2 hits, 0 errors, 1 left on base; Las Vegas 1 - Santa Monica 0
BOTTOM OF THE 4TH
Santa Monica Bruins batting - Pitching for Las Vegas Stars : LHP Júlio Aguilar
Batting: LHB Jorge Souza 0-0: Called Strike
0-1: Ball
1-1: Ball
2-1: Fly out, F8 (Flyball, 8RM)
Batting: RHB Luis Martínez 0-0: Ball
1-0: Foul Ball, location: 2F
1-1: Called Strike
1-2: Ball
2-2: Foul Ball, location: 2F
2-2: Ball
3-2: Base on Balls
Batting: LHB Ethan Shaw 0-0: Ball
1-0: Foul Ball, location: 2F
1-1: Ball
2-1: Called Strike
2-2: Ball
3-2: Strikes out swinging
Batting: RHB Armando Colón 0-0: Called Strike
0-1: Ball
1-1: Fly out, F8 (Flyball, 8LM)
Bottom of the 4th over - 0 runs, 0 hits, 0 errors, 1 left on base; Las Vegas 1 - Santa Monica 0
TOP OF THE 5TH
Las Vegas Stars batting - Pitching for Santa Monica Bruins : LHP Rafael Alemán
Batting: RHB Guo-xiu Choi 0-0: Ball
1-0: Ball
2-0: Ground out 6-3 (Groundball, 6)
Batting: LHB Morgan Wright 0-0: Foul Ball, location: 2F
0-1: Foul Ball, location: 2F
0-2: Ball
1-2: Ball
2-2: Ground out 3-1 (Groundball, 34S)
Batting: LHB Clint Parkinson 0-0: Swinging Strike
0-1: Foul Ball, location: 2F
0-2: Ball
1-2: Strikes out looking
Top of the 5th over - 0 runs, 0 hits, 0 errors, 0 left on base; Las Vegas 1 - Santa Monica 0
BOTTOM OF THE 5TH
Santa Monica Bruins batting - Pitching for Las Vegas Stars : LHP Júlio Aguilar
Batting: RHB Tony Quinn 0-0: Ball
1-0: Called Strike
1-1: DOUBLE (Line Drive, 78D)
Pitching: RHP Dema Mitenkov
Batting: RHB Dave King 0-0: Ball
1-0: Foul Ball, location: 2F
1-1: Foul Ball, location: 2F
1-2: Ground out 4-3 (Groundball, 4)
Tony Quinn to third
Batting: RHB Matt O'Rourke 0-0: Ball
1-0: Foul Ball, location: 2F
1-1: SINGLE (Groundball, 56D)
Tony Quinn scores
Batting: LHB Michael Myers 0-0: Ball
Matt O'Rourke steals 2nd base
1-0: Foul Ball, location: 2F
1-1: Ball
2-1: Ball
3-1: Base on Balls
Batting: RHB Javier González 0-0: Ball
Matt O'Rourke steals 3rd base
Michael Myers to second
1-0: Ball
2-0: Ball
Balk!
Matt O'Rourke scores
Michael Myers to third
3-0: Called Strike
3-1: Foul Ball, location: 2F
3-2: Foul Ball, location: 2F
3-2: Base on Balls
Batting: LHB Jorge Souza 0-0: Ball
1-0: Called Strike
Javier González steals 2nd base
1-1: Ground out U3 (Groundball, 3)
Batting: RHB Luis Martínez 0-0: Ball
1-0: Fly out, F7 (Flyball, 78M)
Bottom of the 5th over - 2 runs, 2 hits, 0 errors, 2 left on base; Las Vegas 1 - Santa Monica 2
TOP OF THE 6TH
Las Vegas Stars batting - Pitching for Santa Monica Bruins : LHP Rafael Alemán
Batting: RHB José García 0-0: Called Strike
0-1: Called Strike
0-2: Ball
1-2: Ball
2-2: Foul Ball, location: 2F
2-2: Foul Ball, location: 2F
2-2: Ball
3-2: Base on Balls
Pitching: RHP Manuel López
Batting: RHB Tomás Díaz 0-0: Ball
1-0: Foul Ball, location: 2F
1-1: Fly out, F8 (Flyball, 8LM)
Batting: RHB Alonso Holguín 0-0: Called Strike
José García steals 2nd base
0-1: Ball
1-1: Foul Ball, location: 2F
1-2: Ball
2-2: Foul Ball, location: 2F
2-2: SINGLE (Line Drive, 8RS)
José García to third
Runner from 3rd tries for Home, SAFE, no throw
Batting: LHB Patrick Osborne 0-0: Ball
1-0: Ball
2-0: Swinging Strike
2-1: Fielders Choice at 2nd, 6-4 (Groundball, 6)
Batting: RHB Juan Valverde 0-0: Ball
1-0: Ball
2-0: Ball
3-0: Base on Balls
Patrick Osborne to second
Batting: RHB Sam Wallace 0-0: Foul Ball, location: 2F
0-1: Ball
1-1: Ball
2-1: Foul Ball, location: 2F
2-2: Ball
3-2: Foul Ball, location: 2F
3-2: Strikes out looking
Top of the 6th over - 1 run, 1 hit, 0 errors, 2 left on base; Las Vegas 2 - Santa Monica 2
BOTTOM OF THE 6TH
Santa Monica Bruins batting - Pitching for Las Vegas Stars : RHP Dema Mitenkov
Batting: LHB Ethan Shaw 0-0: Ground out 4-3 (Groundball, 4S)
Batting: RHB Armando Colón 0-0: Ball
1-0: Ball
2-0: Called Strike
2-1: Foul Ball, location: 2F
2-2: Ball
3-2: Base on Balls
Batting: RHB Tony Quinn 0-0: Foul Ball, location: 2F
0-1: Ball
1-1: Swinging Strike
1-2: Grounds into double play, 6-4-3 (Groundball, 6)
Bottom of the 6th over - 0 runs, 0 hits, 0 errors, 0 left on base; Las Vegas 2 - Santa Monica 2
TOP OF THE 7TH
Las Vegas Stars batting - Pitching for Santa Monica Bruins : RHP Manuel López
Pitching: RHP In-ho Om
Pinch Hitting: LHB Paco Rivera 0-0: Foul Ball, location: 2F
0-1: Ball
1-1: Called Strike
1-2: Foul Ball, location: 2F
1-2: DOUBLE (Flyball, 7LD)
Batting: LHB Morgan Wright 0-0: Intentional Walk
Batting: LHB Clint Parkinson 0-0: Ball
1-0: Called Strike
1-1: SINGLE (Groundball, 56) (infield hit)
Paco Rivera to third
Morgan Wright to second
Pinch Hitting: LHB Edward Rose 0-0: SINGLE (Line Drive, 9S)
Paco Rivera scores
Morgan Wright to third
Clint Parkinson to second
Batting: RHB Tomás Díaz 0-0: Ball
1-0: Ball
2-0: Foul Ball, location: 2F
2-1: Grounds into fielders choice 6-2 (Groundball, 6)
Clint Parkinson to third
Edward Rose to second
Batting: RHB Alonso Holguín 0-0: Foul Ball, location: 2F
0-1: Ball
1-1: Fly out, F1 (Line Drive, 15)
Lined into DP, 1-3 (Line Drive, 15)
Top of the 7th over - 1 run, 3 hits, 0 errors, 2 left on base; Las Vegas 3 - Santa Monica 2
BOTTOM OF THE 7TH
Santa Monica Bruins batting - Pitching for Las Vegas Stars : RHP Dema Mitenkov
Now in CF: Júlio Salazar
Now in RF: Ricardo Guzmán
Batting: RHB Dave King 0-0: Ball
1-0: Ball
2-0: Called Strike
2-1: Swinging Strike
2-2: Ground out 4-3 (Groundball, 4)
Batting: RHB Matt O'Rourke 0-0: Called Strike
0-1: Reached via error on a dropped throw, E3
Pitching: LHP Justin Short
Pinch Hitting: RHB John Nelson 0-0: Ball
1-0: Ball
2-0: Foul Ball, location: 2F
2-1: Swinging Strike
2-2: Strikes out looking
Pitching: RHP Mark Head
Batting: RHB Javier González 0-0: Ball
Matt O'Rourke is caught stealing 2nd base
Bottom of the 7th over - 0 runs, 0 hits, 1 error, 0 left on base; Las Vegas 3 - Santa Monica 2
TOP OF THE 8TH
Las Vegas Stars batting - Pitching for Santa Monica Bruins : RHP In-ho Om
Now at 3B: John Nelson
Batting: LHB Patrick Osborne 0-0: Swinging Strike
0-1: Foul Ball, location: 2F
0-2: Ball
1-2: DOUBLE (Groundball, 5L)
Batting: RHB Juan Valverde 0-0: Intentional Walk
Batting: RHB Sam Wallace 0-0: Ball
1-0: Bunt missed!
1-1: Bunted foul
1-2: Strikes out swinging
Batting: RHB Ricardo Guzmán 0-0: Ball
1-0: Foul Ball, location: 2F
1-1: Ball
2-1: Swinging Strike
2-2: SINGLE (Line Drive, 5D)
Patrick Osborne to third
Juan Valverde to second
Batting: LHB Morgan Wright 0-0: Ball
1-0: Ball
2-0: Ball
3-0: Base on Balls
Patrick Osborne scores
Juan Valverde to third
Ricardo Guzmán to second
Pitching: RHP Soichiro Ikeda
Batting: LHB Clint Parkinson 0-0: Ball
1-0: Ball
2-0: Called Strike
2-1: GRAND SLAM HOME RUN (Flyball, 9LD), Distance : 357 ft
Batting: SHB Júlio Salazar 0-0: Called Strike
0-1: Ball
1-1: Foul Ball, location: 2F
1-2: Fly out, F9 (Flyball, 89S)
Batting: RHB Tomás Díaz 0-0: Called Strike
0-1: Ground out 2-3 (Groundball, 15S)
Top of the 8th over - 5 runs, 3 hits, 0 errors, 0 left on base; Las Vegas 8 - Santa Monica 2
BOTTOM OF THE 8TH
Santa Monica Bruins batting - Pitching for Las Vegas Stars : RHP Mark Head
Now at 1B: Gabriel Miranda
Batting: RHB Javier González 0-0: Ball
1-0: Ball
2-0: Ball
3-0: Called Strike
3-1: Base on Balls
Batting: LHB Jorge Souza 0-0: Ball
1-0: Fly out, F8 (Flyball, 8LXD)
Batting: RHB Luis Martínez 0-0: Called Strike
0-1: Grounds into double play, 5-4-3 (Groundball, 56)
Bottom of the 8th over - 0 runs, 0 hits, 0 errors, 0 left on base; Las Vegas 8 - Santa Monica 2
TOP OF THE 9TH
Las Vegas Stars batting - Pitching for Santa Monica Bruins : RHP Soichiro Ikeda
Batting: RHB Alonso Holguín 0-0: Foul Ball, location: 2F
0-1: Ball
1-1: Ground out 3-1 (Groundball, 34)
Batting: LHB Patrick Osborne 0-0: Swinging Strike
0-1: Ball
1-1: Ball
2-1: SINGLE (Groundball, 4MD)
Batting: RHB Juan Valverde 0-0: Ball
1-0: Called Strike
1-1: Ball
2-1: Foul Ball, location: 2F
2-2: SINGLE (Line Drive, 6D)
Patrick Osborne to second
Batting: RHB Sam Wallace 0-0: Ball
1-0: Ball
2-0: Ball
3-0: Foul Ball, location: 2F
3-1: Base on Balls
Patrick Osborne to third
Juan Valverde to second
Batting: RHB Ricardo Guzmán 0-0: Called Strike
0-1: Fly out, F8 (Flyball, 78D)
Runner from 3rd tags up, SCORES, throw made
Batting: RHB Gabriel Miranda 0-0: Ball
1-0: Ball
2-0: Foul Ball, location: 2F
2-1: Swinging Strike
2-2: Foul Ball, location: 2F
2-2: Foul Ball, location: 2F
2-2: Foul Ball, location: 2F
2-2: SINGLE (Groundball, 4D)
Juan Valverde to third
Sam Wallace to second
Batting: LHB Clint Parkinson 0-0: Ball
1-0: Ball
2-0: Called Strike
2-1: Foul Ball, location: 2F
2-2: Foul Ball, location: 2F
2-2: Ball
3-2: Fly out, F8 (Flyball, 8RXD)
Top of the 9th over - 1 run, 3 hits, 0 errors, 3 left on base; Las Vegas 9 - Santa Monica 2
BOTTOM OF THE 9TH
Santa Monica Bruins batting - Pitching for Las Vegas Stars : RHP Mark Head
Now at C: Gilberto Silva
Batting: LHB Ethan Shaw 0-0: Ball
1-0: Called Strike
1-1: Ball
2-1: Ball
3-1: Foul Ball, location: 2F
3-2: Foul Ball, location: 2F
3-2: Strikes out swinging
Batting: RHB Armando Colón 0-0: SINGLE (Groundball, 6MD)
Batting: RHB Tony Quinn 0-0: Foul Ball, location: 2F
0-1: Ball
1-1: Ball
2-1: SINGLE (Groundball, 6M) (infield hit)
Armando Colón to second
Batting: RHB Dave King 0-0: Ball
1-0: Foul Ball, location: 2F
1-1: Ball
2-1: Called Strike
2-2: SINGLE (Line Drive, 89S)
Armando Colón to third
Tony Quinn to second
Batting: RHB Matt O'Rourke 0-0: Ball
1-0: Foul Ball, location: 2F
1-1: Called Strike
1-2: Foul Ball, location: 2F
1-2: Foul Ball, location: 2F
1-2: Foul Ball, location: 2F
1-2: Grounds into double play, 6-4-3 (Groundball, 6)
Bottom of the 9th over - 0 runs, 3 hits, 0 errors, 2 left on base; Las Vegas 9 - Santa Monica 2
Saturday, April 7th, 2018 - OOTP Baseball 18.8 Build 76